 Dungeon Crawl Stone Soup version 0.28-a0-1227-ga9037bb4c8 (webtiles) character file.

Game seed: 15793257490198627660

121 ChaosChampion the Insei (level 5, -1/35 HPs)
             Began as an Octopode Transmuter on Dec 22, 2021.
             Killed by miscasting Spider Form (10 damage)
             ... on level 4 of the Dungeon.
             The game lasted 00:05:08 (4474 turns).

ChaosChampion the Insei (Octopode Transmuter)       Turns: 4474, Time: 00:05:08

Health: -1/35      AC:  1    Str:  9    XL:     5   Next: 5%
Magic:  2/8        EV: 13    Int: 17    God:
Gold:   118        SH:  0    Dex: 13    Spells: 2/8 levels left

rFire   . . .      SeeInvis .     - Unarmed
rCold   . . .      Faith    .   (no shield)
rNeg    . . .      Spirit   .   (helmet restricted)
rPois   .          Reflect  .   (no amulet)
rElec   .          Harm     .   (no ring)
rCorr   .          Rampage  .   (no ring)
Will    .....                   (no ring)
Stlth   ++........              (no ring)
HPRegen 0.11/turn               (no ring)
MPRegen 0.11/turn               (no ring)
                                (no ring)
                                (no ring)

@: lethally poisoned (-1 -> -7), very slightly contaminated
A: almost no armour, amphibious, 8 rings, camouflage 1, gelatinous body 1,
(nimble swimmer 1), tentacles
a: no special abilities


You were on level 4 of the Dungeon.
You visited 1 branch of the dungeon, and saw 4 of its levels.

You collected 118 gold pieces.

Inventory:

Armour
 a - a +2 buckler
Wands
 m - a wand of flame (16)
Potions
 b - a potion of lignification
 h - 2 potions of resistance
 k - a potion of magic
 l - a potion of heal wounds {unknown}


   Skills:
 + Level 2.3 Fighting
 + Level 3.0 Dodging
 * Level 4.4 Unarmed Combat
 - Level 2.0 Spellcasting
 - Level 2.0 Transmutations


You had 2 spell levels left.
You knew the following spells:

 Your Spells              Type           Power      Damage    Failure   Level
a - Beastly Appendage     Tmut           16%        N/A       9%          1
b - Wereblood             Tmut           8%         N/A       13%         2
c - Spider Form           Tmut/Pois      5%         N/A       36%         3

Your spell library contained the following spells:

 Spells                   Type           Power      Damage    Failure   Level
 Summon Small Mammal      Summ           4%         N/A       19%         1
 Ignite Poison            Fire/Tmut/Pois 3%         N/A       41%         3
 Call Canine Familiar     Summ           1%         N/A       50%         3
 Mephitic Cloud           Conj/Pois/Air  1%         N/A       50%         3
 Summon Guardian Golem    Hex/Summ       1%         N/A       50%         3
 Ice Form                 Ice/Tmut       5%         N/A       77%         4
 Freezing Cloud           Conj/Ice/Air   0%         6-21      99%         5


Dungeon Overview and Level Annotations

Branches:
Dungeon (4/15)
 Temple: D:4-7

Altars:
Makhleb
Sif Muna
Uskayaw


Innate Abilities, Weirdness & Mutations

You cannot wear most types of armour.
You are amphibious.
You can wear up to eight rings at the same time.
Your skin changes colour to match your surroundings (Stealth+).
Your rubbery body absorbs attacks. (AC +1, EV +1)
((You are camouflaged when in or above water. (Stealth+)))
You have tentacles for arms and can constrict up to eight enemies at once.


Message History

Found a scroll of identify.
Things that are here:
a +0 dagger; 5 gold pieces; a kobold corpse You tentacle-slap the hound.
Your grab misses the hound.
The hound is moderately wounded.
The hound barely misses you. The quokka closely misses you.
The hound closely misses you.
You closely miss the hound. Your grab misses the hound.
The hound is moderately wounded.
The quokka closely misses you.
You closely miss the hound. Your grab misses the hound. You squeeze the hound.
The hound is heavily wounded.
The quokka bites you. The hound bites you. The goblin barely misses you.
You closely miss the hound. You grab the hound.
The hound is heavily wounded.
You constrict the hound. The hound bites you. The hound barely misses you.
The quokka bites you. The goblin hits you with a +0 dagger.
The hound bites you but does no damage. x2; The quokka misses you.
You are too injured to fight recklessly!
You are too injured to fight recklessly!
You are too injured to fight recklessly!
You are too injured to fight recklessly!
You are too injured to fight recklessly!
You release your grip on the hound.
The hound closely misses you. The hound bites you.
* * * LOW HITPOINT WARNING * * *
The hound barely misses you.
Casting: Spider Form (quite dangerous; 36% risk of failure)
Confirm with . or Enter, or press ? or * to list all spells.
The spell is quite dangerous to miscast (36% risk of failure)!
Continue anyway?
You miscast Spider Form.
You are very lightly contaminated with residual magic.
Nothing appears to happen.
The hound closely misses you. The hound bites you.
* * * LOW HITPOINT WARNING * * *
Casting: Spider Form (quite dangerous; 36% risk of failure)
Confirm with . or Enter, or press ? or * to list all spells.
The spell is quite dangerous to miscast (36% risk of failure)!
Continue anyway?
You miscast Spider Form.
You feel rather nauseous for a moment!
You are poisoned.
You die...

#..# ........#...# ..#
#..........##. ..###
.#............. #.##..
............... .....
#............. .#
...####.....)....# . ..
#..##.##.#..r....#.. ..#
#..#......##hg......
...###..#.......@h......#
##.....................##
###.#...###..........###
.##.##....##.......###
....................#
.##.####.##......$.##
.##.......#...######
.#...........##
.............#


You could see 2 hounds, a quokka and a goblin.

Vanquished Creatures
  A bullfrog skeleton (D:4)
  2 adders (D:2)
  2 worms (D:2)
  A dart slug (D:2)
  7 ball pythons
  8 bats
  4 endoplasms
  3 giant cockroaches
  4 goblins
  7 hobgoblins
  4 jackals (D:1)
  6 quokkas
  4 frilled lizards (D:1)
  3 kobolds
  4 rats
60 creatures vanquished.

Notes
Turn   | Place    | Note
-------+----------+-------------------------------------------
     0 | D:1      | ChaosChampion the Octopode Transmuter began the quest for
                  | the Orb.
     0 | D:1      | Reached XP level 1. HP: 13/13 MP: 3/3
   183 | D:1      | Reached XP level 2. HP: 18/18 MP: 5/5
   727 | D:1      | Reached XP level 3. HP: 23/23 MP: 4/6
  2252 | D:2      | Reached skill level 4 in Unarmed Combat
  2252 | D:2      | Reached XP level 4. HP: 28/29 MP: 5/7
  2922 | D:2      | Learned a level 2 spell: Wereblood
  2926 | D:2      | Learned a level 3 spell: Spider Form
  3574 | D:3      | Found a hide-covered altar of Uskayaw.
  3694 | D:3      | Found a burning altar of Makhleb.
  4042 | D:3      | Found a faded altar of an unknown god.
  4290 | D:4      | Noticed a necrophage
  4290 | D:4      | Found a shimmering blue altar of Sif Muna.
  4338 | D:4      | Reached XP level 5. HP: 31/35 MP: 1/8
  4474 | D:4      | Killed by miscasting Spider Form

Illustrated notes

Levels and vault maps discovered:
D:1:      co_arrival_square_in_a_square_in_a_square, layout_loops_ring,
          serial_aquarium, aquarium_bridge_square [aquarium_subvault_wall,
          aquarium_subvault_bridge, aquarium_subvault_window,
          aquarium_subvault_balcony], aquarium_bridge_straight
          [aquarium_subvault_bridge, aquarium_subvault_wall,
          aquarium_subvault_bridge, aquarium_subvault_window],
          aquarium_window_double, aquarium_window_fake, aquarium_view_2e,
          aquarium_balcony_3b, aquarium_pool_side, grunt_decor_fettered,
          grunt_decor_cap
D:2:      layout_basic
D:3:      layout_basic, bloody_makhleb, mainiacjoe_overflow_brackets,
          shapermc_ecumenical_altar_mp_vishouse, hex_large
D:4:      layout_cave_pools, grunt_temple_overflow_open

Skill      XL: |  1  2  3  4 |
---------------+-------------+-----
Unarmed Combat | 4 |  4.4
Fighting       | 2 |  2.3
Dodging        | 3 |  3.0
Spellcasting   | |  2.0
Transmutations | |  2.0

Action                   |  1- 3 |  4- 6 || total
-------------------------+-------+-------++-------
Melee: Unarmed           |    82 |    63 ||   145
       Constrict         |    18 |    12 ||    30
       Tentacles         |    14 |    12 ||    26
       Kick              |     6 |     2 ||     8
       Punch             |     1 |       ||     1
 Cast: Beastly Appendage |    12 |     4 ||    16
       Spider Form       |       |     2 ||     2
       Wereblood         |       |     2 ||     2
  Use: Scroll            |       |    10 ||    10
 Stab: Sleeping          |    11 |     1 ||    12
Armor: Skin              |     9 |     6 ||    15
Dodge: Dodged            |    57 |    50 ||   107

Table legend: (Time is in decaauts)
 A = Elapsed time spent in this place.
 B = Non-inter-level travel time spent in this place.
 C = Inter-level travel time spent in this place.
 D = Time resting spent in this place.
 E = Time spent auto-exploring this place.
 F = Levels seen in this place.
 G = Mean time per level.
                   A        B        C        D        E       F      G
               +--------+--------+--------+--------+--------+-----+--------+
         Total |   4467 |   4408 |     59 |   1006 |   2699 |   4 | 1116.8 |
       Dungeon |   4467 |   4408 |     59 |   1006 |   2699 |   4 | 1116.8 |
               +--------+--------+--------+--------+--------+-----+--------+

Top non-repeatable levels by time:
     D:1: 1968 daAuts
     D:2: 1560 daAuts
     D:3: 844 daAuts
     D:4: 94 daAuts
